AoeStats
← tr3tr2tr1

Arabian Desert

508927367Analyzed
1v1 RM · 7d ago on Sep 24, 2026· 41m 48s· 2 players
Game mode
Random Map
Map size
Tiny (2 player)
Population
200
Speed
Normal
Resources
Standard
Victory
Conquest
Starting age
Dark Age
Ending age
Imperial Age
RankedLock teamsTeams togetherTeam positionsShared explorationLock speedFull tech treeHidden civsTurbo modeCheats
Victory
Defeat
🇹🇷 Khmer · Türkiye
549
+19
🇿🇦 Franks · South Africa
615
-19
tr3tr2tr1
11:19 Feudal Age
12:26 Double-Bit Axe
12:23 Horse Collar
13:51 Bloodlines
19:22 Forging
19:18 Scale Barding Armor
26:28 Castle Age
35:19 Imperial Age
33:55 Gold Mining
34:41 Heavy Plow
34:58 Bow Saw
35:21 Stone Mining
36:26 Wheelbarrow
35:37 Loom
36:08 Town Watch
37:43 Gold Shaft Mining
37:46 Stone Shaft Mining
39:01 Husbandry
38:22 Cavalier
39:23 Hand Cart
39:11 Town Patrol
43:14 Chemistry
42:34 Ballistics
BoerNation
8:47 Loom
10:53 Feudal Age
19:56 Wheelbarrow
21:35 Double-Bit Axe
25:26 Town Watch
30:15 Castle Age
31:48 Hand Cart
35:23 Pikeman
Connection lost

Rejoining the realm…

Still unreachable

The connection could not be restored.

Session expired

The server has moved on; the page needs a fresh start.